 Dungeon Crawl Stone Soup version 0.20-a0-1006-ge6c5631 (webtiles) character file.

11155 Idealus the Unseen (level 11, 0/56 HPs)
             Began as a Spriggan Enchanter on Apr 14, 2017.
             Was a High Priest of Dithmenos.
             Killed by vampiric draining
             ... invoked by Josephine
              (5 damage)
             ... on level 10 of the Dungeon.
             The game lasted 00:42:37 (16737 turns).

Idealus the Unseen (Spriggan Enchanter)            Turns: 16737, Time: 00:42:37

Health: 0/56       AC:  2    Str:  5    XL:     11   Next: 45%
Magic:  24/24      EV: 24    Int: 18    God:    Dithmenos [*****.]
Gold:   581        SH:  0    Dex: 18    Spells: 15/27 levels left

rFire    . . .     SeeInvis +   a - +4 dagger
rCold    . . .     Gourm    .   (shield restricted)
rNeg     . . .     Faith    .   b - +0 robe
rPois    +         Spirit   .   (helmet restricted)
rElec    .         Reflect  .   (no cloak)
rCorr    .         Harm     .   (gloves unavailable)
MR       +....                  (boots unavailable)
Stlth    +++++++++.             (no amulet)
Regen    0.2/turn               D - +4 ring of slaying
MPRegen  0.2/turn               F - ring of poison resistance

@: wreathed by umbra, heavily drained, very quick
A: unfitting armour, see invisible, herbivore 3, speed 3, slow metabolism 2
a: Shadow Step, Shadow Form, Renounce Religion


You were on level 10 of the Dungeon.
You worshipped Dithmenos.
Dithmenos was extremely pleased with you.
You were not hungry.

You visited 2 branches of the dungeon, and saw 11 of its levels.
You also visited: Sewer.

You collected 608 gold pieces.
You spent 27 gold pieces at shops.

Inventory:

Hand Weapons
 a - a +4 dagger (weapon)
 f - a +3 dagger
Missiles
 o - a throwing net (quivered)
Armour
 b - a +0 robe (worn)
Jewellery
 D - a +4 ring of slaying (left hand)
 E - an uncursed ring of ice
 F - a ring of poison resistance (right hand)
Wands
 c - a wand of acid (12/15)
 y - a wand of paralysis (13/24)
 B - a wand of confusion (33/48)
Scrolls
 e - 2 scrolls of fear
 g - 3 scrolls of blinking
 l - 15 scrolls of teleportation
 q - 6 scrolls of recharging
 u - 3 scrolls of remove curse
 x - 4 scrolls of fog
 A - a scroll of amnesia
Potions
 h - 3 potions of flight
 i - 2 potions of curing
 m - a potion of might
 n - 2 potions of resistance
 p - 5 potions of brilliance
 s - a potion of heal wounds {unknown}
 t - a potion of cancellation
 v - a potion of mutation {unknown}
 w - 2 potions of lignification {unknown}
 z - 2 potions of haste {unknown}
 C - a potion of degeneration {unknown}
Comestibles
 d - 5 bread rations
 j - 4 fruits
 r - 8 royal jellies


   Skills:
 + Level 5.4(3.7) Fighting
 - Level 7.0(5.3) Short Blades
 + Level 9.9(8.1) Dodging
 + Level 15.2(13.2) Stealth
 + Level 8.7(6.9) Spellcasting
 + Level 9.9(8.1) Hexes


You had 15 spell levels left.
You knew the following spells:

 Your Spells              Type           Power        Failure   Level  Hunger
a - Ensorcelled Hibernat  Hex/Ice        ###...       3%          2    None
b - Corona                Hex            #####..      1%          1    None
c - Confuse               Hex            #####...     1%          3    ##.....
d - Tukima's Dance        Hex            #####...     1%          3    ##.....
e - Dazzling Spray        Conj/Hex       ###...       10%         3    ##.....


Dungeon Overview and Level Annotations

Branches:
Dungeon (10/15)            Temple (1/1) D:7
   Lair: D:8-11         Orc: D:9-12

Altars:
Ashenzari
Cheibriados
Dithmenos
Elyvilon
Fedhas
Gozag
Hepliaklqana
Kikubaaqudgha
Makhleb
Nemelex Xobeh
Okawaru
Qazlal
Ru
Sif Muna
Trog
Uskayaw
Vehumet
Wu Jian
Xom
Yredelemnul
Zin
The Shining One

Shops:
D:5 *=%(}

Annotations:
D:10 Josephine


Innate Abilities, Weirdness & Mutations

You are very small and have problems with some larger weapons.
You are too small for most types of armour.
You have supernaturally acute eyesight. (SInv)
You are a herbivore.
You cover ground extremely quickly.
You need consume almost no food.


Message History

Josephine is severely wounded.
You barely miss Josephine.
Josephine is severely wounded.
Josephine hits you but does no damage.
You puncture Josephine!
Josephine is almost dead.
Josephine points at you and mumbles some strange words.
The ghostly flame explodes!
The ghostly fireball engulfs you!
You feel drained.
* * * LOW HITPOINT WARNING * * *
The ghostly fireball engulfs Josephine.
Josephine completely resists.
You hear a shout!
A quokka comes into view.
It was a potion of magic.
Magic courses through your body. Josephine misses you.
It was a potion of cancellation.
Your magical effects are unravelling.
You feel magically purged.
You feel a little less mighty now.
Josephine is infused with unholy energy.
You die...

......≈≈≈.....................
.......≈........ ..@......
..............# #........
..............########.[......
..............................
..#####...............########
..# #...###########.#
..#####...###########.########
................@@Wr..........
................#####..#######
.#############..# #..#
#..#####..# ######.........#
...........%....
.........######.. ######...#
.. #...# ...


You could see Josephine, a wraith and a quokka.

Vanquished Creatures
  Erolcha (D:10)
  A two-headed ogre (D:7)
  An unseen horror (D:10)
  Pikel (D:6)
  A komodo dragon (D:10)
  A queen bee (D:8)
  A troll (D:9)
  A polar bear (D:10)
  The ghost of Fv001 the Conjurer, an amateur BuCj of Cheibriados (Sewer)
  2 hippogriffs (D:8)
  2 wraiths (D:10)
  A wyvern (D:9)
  10 yaks (D:9)
  Grum (D:8)
  Menkaure (D:6)
  2 orc warriors
  2 ice beasts
  A sky beast (D:5)
  4 wolves
  2 necrophages
  4 ogres
  6 centaurs
  3 big kobolds
  3 bullfrogs
  A wyvern skeleton (D:8)
  A hornet simulacrum (D:10)
  2 scorpions
  29 killer bees
  3 howler monkeys (D:8)
  A bullfrog zombie (D:8)
  A centaur zombie (D:7)
  9 crimson imps
  2 jellies
  2 quasits
  2 bullfrog skeletons (D:6)
  4 hounds
  4 orc priests
  3 iguanas
  6 orc wizards
  5 worker ants
  A hound zombie (D:7)
  2 hound skeletons
  A worker ant zombie (D:8)
  A howler monkey skeleton (D:6)
  6 gnolls
  8 adders
  3 shadow imps
  A worker ant simulacrum (D:10)
  3 oozes
  9 worms
  2 dart slugs
  7 leopard geckos
  32 orcs
  9 giant cockroaches
  2 gnoll zombies (D:5)
  9 goblins
  8 hobgoblins
  23 jackals
  24 kobolds
  7 quokkas
  2 ball pythons
  14 bats
  10 frilled lizards
  A jackal skeleton (D:8)
  A leopard gecko skeleton (D:7)
  A leopard gecko zombie (D:5)
  2 quokka zombies
  9 rats
326 creatures vanquished.

Vanquished Creatures (others)
  2 slaves (D:6)
  A scorpion (D:6)
  A jelly (D:6)
  2 quokkas (D:6)
6 creatures vanquished.

Grand Total: 332 creatures vanquished

Notes
Turn   | Place    | Note
-------+----------+-------------------------------------------
     0 | D:1      | Idealus the Spriggan Enchanter began the quest for the Orb.
     0 | D:1      | Reached XP level 1. HP: 9/9 MP: 5/5
   555 | D:1      | Reached XP level 2. HP: 13/13 MP: 7/7
   559 | D:1      | Learned a level 2 spell: Ensorcelled Hibernation
  1454 | D:1      | Reached XP level 3. HP: 16/16 MP: 9/9
  1459 | D:1      | Learned a level 3 spell: Confuse
  1463 | D:1      | Learned a level 3 spell: Tukima's Dance
  2069 | D:2      | Found a faded altar of an unknown god.
  2272 | D:2      | Reached skill level 5 in Hexes
  2815 | D:2      | Reached XP level 4. HP: 14/21 MP: 4/10
  3029 | D:3      | Reached skill level 5 in Stealth
  3326 | D:3      | Reached skill level 6 in Stealth
  3397 | D:2      | Reached XP level 5. HP: 22/24 MP: 6/11
  3777 | D:3      | You fall through a shaft for 2 floors!
  3777 | D:5      | Entered Level 5 of the Dungeon
  3889 | D:5      | Found Weddosam's Jewellery Shop.
  3891 | D:5      | Found Guutueti's Assorted Antiques.
  3903 | D:5      | Bought a scroll labeled CUTUCZ HULUR for 27 gold pieces
  3920 | D:5      | Found Ellaeqyj's Food Shoppe.
  3977 | D:5      | Reached skill level 7 in Stealth
  3987 | D:5      | Found a glowing drain.
  3991 | Sewer    | Entered a sewer
  5166 | Sewer    | Noticed Fv001's ghost (amateur BuCj)
  5183 | Sewer    | Killed Fv001's ghost
  5183 | Sewer    | Reached skill level 9 in Stealth
  5183 | Sewer    | Reached XP level 6. HP: 28/28 MP: 9/12
  5398 | D:5      | Reached skill level 10 in Stealth
  5580 | D:3      | Reached XP level 7. HP: 16/32 MP: 1/13
  5931 | D:3      | Found a shadowy altar of Dithmenos.
  5938 | D:3      | Became a worshipper of Dithmenos the Shadowed
  6062 | D:3      | Found a bloodstained altar of Trog.
  6272 | D:4      | Reached skill level 11 in Stealth
  6636 | D:4      | Learned a level 3 spell: Dazzling Spray
  7261 | D:4      | Found a shadowy altar of Dithmenos.
  8206 | D:4      | Reached skill level 12 in Stealth
  8717 | D:5      | Reached * piety under Dithmenos
  8718 | D:5      | Reached skill level 1 in Fighting
  8718 | D:5      | Reached XP level 8. HP: 16/37 MP: 9/15
  8966 | D:5      | Found Puz Homm's Gadget Boutique.
  9006 | D:5      | Found a hide-covered altar of Uskayaw.
  9035 | D:5      | Found Siats's Weapon Emporium.
  9276 | D:5      | Found a basalt altar of Yredelemnul.
  9749 | D:6      | Noticed Menkaure
  9757 | D:6      | Killed Menkaure
  9767 | D:6      | Found Qece's General Store.
 10015 | D:6      | Reached skill level 5 in Spellcasting
 10283 | D:6      | Noticed Pikel
 10405 | D:6      | Killed Pikel
 10405 | D:6      | Reached skill level 5 in Dodging
 10405 | D:6      | Reached XP level 9. HP: 37/43 MP: 10/18
 10438 | D:6      | Reached skill level 13 in Stealth
 11020 | D:7      | Reached ** piety under Dithmenos
 11213 | D:7      | Found a staircase to the Ecumenical Temple.
 11224 | Temple   | Entered the Ecumenical Temple
 11538 | D:7      | Noticed a two-headed ogre
 11545 | D:7      | Killed a two-headed ogre
 11851 | D:7      | Reached skill level 5 in Short Blades
 12294 | D:8      | Found a sacrificial altar of Ru.
 12295 | D:8      | Found a shimmering altar of Xom.
 12297 | D:8      | Found a burning altar of Makhleb.
 12319 | D:8      | Found a deep blue altar of Sif Muna.
 12319 | D:8      | Found a glowing golden altar of the Shining One.
 12320 | D:8      | Found a stormy altar of Qazlal.
 12339 | D:8      | Reached XP level 10. HP: 46/48 MP: 14/21
 12758 | D:8      | Reached *** piety under Dithmenos
 12916 | D:8      | Reached skill level 14 in Stealth
 13775 | D:8      | Noticed Grum
 13786 | D:8      | Killed Grum
 14084 | D:9      | Reached **** piety under Dithmenos
 14291 | D:9      | Found a snail-covered altar of Cheibriados.
 14746 | D:9      | Reached XP level 11. HP: 50/54 MP: 17/24
 15377 | D:9      | Found an opulent altar of Gozag.
 15805 | D:10     | Entered Level 10 of the Dungeon
 15805 | D:10     | Noticed Erolcha
 15809 | D:10     | Killed Erolcha
 15809 | D:10     | Reached skill level 5 in Fighting
 15809 | D:10     | Reached skill level 15 in Stealth
 16119 | D:10     | Reached ***** piety under Dithmenos
 16261 | D:10     | Noticed an unseen horror
 16268 | D:10     | Killed an unseen horror
 16414 | D:10     | Noticed Josephine
 16737 | D:10     | Killed from afar by Josephine

Vault maps used:
D:1:      evilmike_arrival_hilbert_curve
D:2:      chequers_ecumenical_altar_island
D:3:      marbit_many_paths, lightli_temple_of_fire, first_bread,
          minmay_bisected
D:4:      nicolae_dithmenos_through_a_glass_darkly
D:5:      kennysheep_big_flooded_room, nicolae_overflow_hidden_temple,
          lemuel_zombie_altar_yredelemnul, serial_shops, nicolae_shop_stone,
          kennysheep_mini_moat, shop, shop, nicolae_shop_overgrown_old_shop,
          gup_sewer_entry_bowl, glass_columns_b
D:6:      serial_shops, shop, uniq_pikel, uniq_menkaure
D:7:      minmay_temple_entry_mist
D:8:      grunt_temple_overflow_open, david_nohive_1, uniq_grum
D:9:      lemuel_coloured_pillars_altar, cheibriados_altar_1
D:10:     serial_shops, shop, serial_ice, serial_ice_l, serial_ice_h,
          serial_ice_g, serial_ice_n, uniq_josephine, uniq_erolcha
Temple:   compressed_dpeg_circular_temple
Sewer:    sewer_fruit_machine

Skill      XL: |  1  2  3  4  5  6  7  8  9 10 11 |
---------------+----------------------------------+-----
Hexes          | 4 5 6 7 9 |  9.9
Spellcasting   | 3 4 5 6 8 |  8.7
Stealth        | 6 9 10 12 13 14 15 | 15.2
Fighting       | 1 2 3 4 5 |  5.4
Short Blades   | 3 5 6 7 |  7.0
Dodging        | 5 7 9 |  9.9

Action                   |  1- 3 |  4- 6 |  7- 9 | 10-12 || total
-------------------------+-------+-------+-------+-------++-------
Melee: Dagger            |   168 |   158 |   325 |   330 ||   981
 Cast: Corona            |     5 |       |       |       ||     5
       Ensorcelled Hiber |    33 |    32 |    61 |    77 ||   203
       Confuse           |       |     1 |    22 |    20 ||    43
       Tukima's Dance    |       |       |     1 |     1 ||     2
       Dazzling Spray    |       |       |     3 |     1 ||     4
  Use: Scroll            |       |    11 |     6 |     2 ||    19
       Potion            |       |     1 |     2 |    10 ||    13
 Stab: Sleeping          |    27 |    34 |    71 |    62 ||   194
       Confused          |       |     3 |    10 |     9 ||    22
       Invisible         |       |       |     5 |    11 ||    16
       Distracted        |       |       |     3 |       ||     3
  Eat: Bread ration      |     1 |       |     1 |       ||     2
       Royal jelly       |       |       |     4 |       ||     4
       Fruit             |       |       |     1 |     1 ||     2
Armor: Robe              |    25 |    42 |    11 |    10 ||    88
Dodge: Dodged            |   149 |   223 |   296 |   337 ||  1005
